 Dungeon Crawl Stone Soup version 0.26-a0-812-g31a745ddcd (webtiles) character file.

Game seed: 8642163206034651800

950 Borgoz the Skirmisher (level 8, 0/70 HPs)
             Began as a Ghoul Gladiator on Dec 7, 2020.
             Slain by a river rat (7 damage)
             ... summoned by Eustachio
             ... on level 4 of the Dungeon.
             The game lasted 00:05:53 (4106 turns).

Borgoz the Skirmisher (Ghoul Gladiator)             Turns: 4106, Time: 00:05:53

Health: 0/70       AC:  5    Str: 19      XL:     8   Next: 13%
Magic:  7/7        EV: 13    Int:  3      God:
Gold:   173        SH:  0    Dex:  8 (11) Spells: 7/7 levels left

rFire    . . .     SeeInvis .   a - +1 long sword
rCold    + . .     Faith    .   (no shield)
rNeg     + + +     Spirit   .   n - +0 leather armour
rPois    ∞         Reflect  .   k - +1 helmet
rElec    .         Harm     .   (no cloak)
rCorr    .         Rampage  .   (no gloves)
MR       .....                  (no boots)
Stlth    +.........             (no amulet)
HPRegen  0.00/turn              (no ring)
MPRegen  0.10/turn              (no ring)

@: brilliant, attractive
A: rotting body, claws 1, cold resistance 1, negative energy resistance 3,
inhibited regeneration, torment resistance, unbreathing
a: no special abilities


You were on level 4 of the Dungeon.
You visited 1 branch of the dungeon, and saw 4 of its levels.

You collected 173 gold pieces.

Inventory:

Hand Weapons
 a - a +1 long sword (weapon)
 b - a +3 dagger
Missiles
 d - a throwing net (quivered)
Armour
 k - a +1 helmet (worn)
 n - a +0 leather armour (worn)
Wands
 c - a wand of random effects (18)
Scrolls
 e - a scroll of remove curse
 j - 2 scrolls of teleportation
Potions
 f - 2 potions of cancellation
 h - a potion of magic


   Skills:
 * Level 5.6 Fighting
 * Level 5.1 Long Blades
 - Level 1.7 Throwing
 + Level 2.7 Armour
 * Level 5.2 Dodging


You had 7 spell levels left.
You didn't know any spells.
Your spell library was empty.

Dungeon Overview and Level Annotations

Branches:
Dungeon (4/15)
 Temple: D:4-7

Altars:
Fedhas
Wu Jian
Yredelemnul

Annotations:
D:4 Eustachio


Innate Abilities, Weirdness & Mutations

Your body is rotting away.
You thrive by killing the living.
You are immune to poison.
You have sharp fingernails.
Your flesh is cold resistant. (rC+)
You are immune to negative energy. (rN+++)
You do not regenerate when monsters are visible.
You are immune to unholy pain and torment.
You can survive without breathing.


Message History

You feel clever all of a sudden. The river rat bites you!
* * * LOW HITPOINT WARNING * * *
The river rat bites you.
* * * LOW HITPOINT WARNING * * *
Eustachio casts a spell.
It was a potion of attraction.
You feel attractive to monsters. The river rat bites you.
* * * LOW HITPOINT WARNING * * *
The river rat closely misses you. Eustachio hits you but does no damage.
It was a potion of lignification.
You feel woody for a moment. The ufetubus barely misses you.
The ufetubus closely misses you. The river rat closely misses you.
The river rat misses you. Eustachio closely misses you.
You riposte.
You hit Eustachio but do no damage.
Eustachio is heavily wounded.
The ufetubus misses you. The ufetubus closely misses you.
The ufetubus is pulled toward you! Eustachio is pulled toward you!
The river rat bites you!
You die...

##################
.......§.........###
#.########§##.#.#......
#.# #.#...###..### #####
#.# ####......r(....#.
..... #.#
#......#.r5....... .....
#.# #.##.....@@..(#...
..... #.# #.##.....#....#
##### #.# #.##..#.##....#
##.#####.##..#.##....###.
...##
#......$.......##........
#...
#.########...#.##..#.###.
#### #.#
#.......))........
#.######.#.######...####.
######
...........######.#...#
......


You could see Eustachio, 2 river rats and an ufetubus (summoned).

Vanquished Creatures
  Grinder (D:3)
  Sigmund (D:4)
  Purgy (D:4)
  A phantom (D:4)
  An ogre (D:4)
  A hound (D:4)
  An orc priest (D:4)
  Ijyb (D:3)
  3 orc wizards (D:4)
  2 worker ants
  Robin (D:4)
  A howler monkey skeleton (D:4)
  4 adders
  2 worms
  2 dart slugs (D:2)
  A leopard gecko (D:1)
  9 orcs
  3 ball pythons
  2 bats (D:3)
  2 giant cockroaches
  13 goblins
  8 hobgoblins
  8 jackals
  7 kobolds
  A quokka (D:2)
  2 frilled lizards
  5 rats
84 creatures vanquished.

Notes
Turn   | Place    | Note
-------+----------+-------------------------------------------
     0 | D:1      | Borgoz the Ghoul Gladiator began the quest for the Orb.
     0 | D:1      | Reached XP level 1. HP: 17/17 MP: 0/0
   138 | D:1      | Reached XP level 2. HP: 16/25 MP: 1/1
   586 | D:2      | Reached XP level 3. HP: 30/30 MP: 2/2
  1078 | D:2      | Found an ornate altar of the Wu Jian Council.
  1312 | D:2      | Reached XP level 4. HP: 25/38 MP: 3/3
  1501 | D:3      | Reached skill level 1 in Armour
  1822 | D:3      | Noticed Ijyb
  1850 | D:3      | Killed Ijyb
  1850 | D:3      | Reached XP level 5. HP: 24/45 MP: 4/4
  2043 | D:3      | Noticed Grinder
  2058 | D:3      | Paralysed by Grinder for 3 turns
  2064 | D:3      | Killed Grinder
  2064 | D:3      | Reached XP level 6. HP: 7/52 MP: 5/5
  2401 | D:3      | Found a blossoming altar of Fedhas.
  2523 | D:3      | Found a basalt altar of Yredelemnul.
  2851 | D:4      | Noticed a phantom
  2865 | D:4      | Reached XP level 7. HP: 43/60 MP: 6/6
  3234 | D:4      | Noticed Purgy
  3247 | D:4      | Killed Purgy
  3247 | D:4      | Reached skill level 5 in Fighting
  3447 | D:4      | Noticed Robin
  3456 | D:4      | Killed Robin
  3519 | D:4      | Noticed Sigmund
  3539 | D:4      | Killed Sigmund
  3539 | D:4      | Reached skill level 5 in Long Blades
  3539 | D:4      | Reached skill level 5 in Dodging
  3539 | D:4      | Reached XP level 8. HP: 45/69 MP: 7/7
  4063 | D:4      | Noticed Eustachio
  4106 | D:4      | Slain by a river rat

Illustrated notes

Levels and vault maps discovered:
D:1:      lemuel_arrival_behind_the_door_small, layout_rooms
D:2:      layout_loops_ring, lemuel_coloured_pillars_altar
D:3:      layout_rooms, overflow_temple_1_default, marbit_many_paths,
          uniq_grinder, uniq_ijyb
D:4:      layout_loops_ring, uniq_robin, uniq_eustachio, uniq_purgy,
          uniq_sigmund

Skill      XL: |  1  2  3  4  5  6  7 |
---------------+----------------------+-----
Long Blades    | 3 4 5 |  5.1
Dodging        | 3 4 5 |  5.2
Fighting       | 3 4 5 |  5.6
Armour         | 1 2 |  2.7
Throwing       | |  1.7

Action                   |  1- 3 |  4- 6 |  7- 9 || total
-------------------------+-------+-------+-------++-------
Melee: Long sword        |    90 |   120 |   111 ||   321
Throw: Throwing net      |     2 |     6 |     7 ||    15
Evoke: Wand              |       |     2 |     7 ||     9
  Use: Scroll            |     6 |     3 |     1 ||    10
       Potion            |       |     1 |     5 ||     6
 Stab: Held in net/web   |     2 |     2 |       ||     4
Armor: Leather armour    |    12 |    32 |    47 ||    91
Dodge: Dodged            |    72 |    96 |   134 ||   302
       Rpst.: Long sword |    26 |    30 |    26 ||    82

Table legend: (Time is in decaauts)
 A = Elapsed time spent in this place.
 B = Non-inter-level travel time spent in this place.
 C = Inter-level travel time spent in this place.
 D = Time resting spent in this place.
 E = Time spent auto-exploring this place.
 F = Levels seen in this place.
 G = Mean time per level.
                   A        B        C        D        E       F      G
               +--------+--------+--------+--------+--------+-----+--------+
         Total |   4174 |   4103 |     71 |   1513 |   1826 |   4 | 1043.5 |
       Dungeon |   4174 |   4103 |     71 |   1513 |   1826 |   4 | 1043.5 |
               +--------+--------+--------+--------+--------+-----+--------+

Top non-repeatable levels by time:
     D:4: 1466 daAuts
     D:3: 1192 daAuts
     D:2: 934 daAuts
     D:1: 580 daAuts
